 Dungeon Crawl Stone Soup version 0.30-a0-1124-g6e8f0f562f (webtiles) character file.

Game seed: 15592066714765033021

44858 Jeffwins the Skirmisher (level 14, -3/101 HPs)
             Began as a Human Wanderer on Apr 23, 2023.
             Was a High Priest of Vehumet.
             Killed from afar by a storm dragon (shapeshifter) (42 damage)
             ... with a bolt of lightning
             ... on level 5 of the Lair of Beasts.
             The game lasted 00:37:42 (19164 turns).

Jeffwins the Skirmisher (Human Wanderer)           Turns: 19164, Time: 00:37:43

Health: -3/101     AC: 10    Str: 10    XL:     14   Next: 68%
Magic:  11/26      EV: 13    Int: 19    God:    Vehumet [*****.]
Gold:   751        SH:  0    Dex: 20    Spells: 1/30 levels left

rFire   . . .        a - +2 shortbow (freeze)
rCold   . . .        (shield currently unavailable)
rNeg    . . .        G - +0 steam dragon scales
rPois   .            P - +0 helmet
rElec   .            k - +0 cloak
rCorr   .            i - +1 pair of gloves of the Mantidfly {Will+ Slay+3}
SInv    .            E - +0 pair of boots
Will    ++...        (no amulet)
Stlth   +++          X - +6 ring of dexterity
HPRegen 0.36/turn    Y - +4 ring of slaying
MPRegen 0.20/turn

%: no passive effects
@: studying Throwing
A: no striking features
a: Renounce Religion


You were on level 5 of the Lair of Beasts.
You worshipped Vehumet.
Vehumet was extremely pleased with you.
You visited 3 branches of the dungeon, and saw 18 of its levels.

You collected 1104 gold pieces.
You spent 353 gold pieces at shops.


   Skills:
 + Level 6.7 Fighting
 * Level 9.8 Ranged Weapons
 + Level 3.0 Dodging
 - Level 5.0 Stealth
 * Level 8.9 Spellcasting
 * Level 4.6 Conjurations
 * Level 7.8 Summonings
 * Level 8.4 Necromancy
 - Level 4.0 Translocations
 * Level 4.7 Fire Magic
 * Level 3.4 Ice Magic
 * Level 8.7 Air Magic
 - Level 8.0 Poison Magic
 + Level 5.7 Evocations


You had one spell level left.
You knew the following spells:

 Your Spells              Type           Power      Damage    Failure   Level
a - Summon Lightning Spi  Summ/Air       40%        N/A       2%          4
c - Freezing Cloud        Conj/Ice/Air   14%        6-21      6%          5
f - Call Canine Familiar  Summ           38%        N/A       1%          3
o - Olgreb's Toxic Radia  Pois           38%        N/A       1%          4
s - Sticky Flame          Conj/Fire      26%        2d5       3%          4
v - Dispel Undead         Necr           40%        3d16      2%          4
y - Summon Small Mammal   Summ           100%       N/A       1%          1
z - Poisonous Vapours     Pois/Air       80%        N/A       1%          2
I - Blink                 Tloc           46%        N/A       2%          2

Your spell library contained the following spells:

 Spells                   Type           Power      Damage    Failure   Level
 Flame Wave               Conj/Fire      26%        2d8       3%          4
 Apportation              Tloc           46%        N/A       1%          1
 Kiss of Death            Conj/Necr      100%       2d13      1%          1
 Sting                    Tmut/Pois      92%        1d7       1%          1
 Cigotuvi's Dreadful Rot  Necr/Pois/Air  80%        N/A       1%          2
 Momentum Strike          Conj/Tloc      48%        3d9       1%          2
 Static Discharge         Conj/Air       68%        2-5/arc   1%          2
 Volatile Blastmotes      Fire/Tloc      50%        2d14      1%          3
 Airstrike                Air            20%        2d(3-19)  1%          4
 Lesser Beckoning         Tloc           46%        N/A       2%          2
 Dazzling Flash           Conj/Hex       34%        N/A       2%          3
 Inner Flame              Hex/Fire       17%        N/A       2%          3
 Stone Arrow              Conj/Erth      34%        3d9       2%          3
 Gell's Gravitas          Tloc           23%        N/A       4%          3
 Summon Guardian Golem    Hex/Summ       23%        N/A       4%          3
 Teleport Other           Tloc           23%        N/A       4%          3
 Iskenderun's Mystic Bla  Conj/Tloc      24%        2d7       4%          4
 Fireball                 Conj/Fire      13%        3d7       10%         5
 Iskenderun's Battlesphe  Conj           26%        2d8       10%         5
 Anguish                  Hex/Necr       12%        N/A       14%         4
 Conjure Ball Lightning   Conj/Air       17%        3x3d6     21%         6
 Death Channel            Necr           20%        N/A       36%         6
 Starburst                Conj/Fire      13%        6d5       41%         6
 Yara's Violent Unravell  Hex/Tmut       4%         3d4       50%         5
 Iron Shot                Conj/Erth      8%         9d3       73%         6
 Orb of Destruction       Conj           13%        9d7       92%         7
 Dispersal                Tloc           11%        N/A       94%         6
 Enfeeble                 Hex            4%         N/A       100%        7
 Chain Lightning          Conj/Air       17%        3d22      100%        9

Inventory:

Hand Weapons
 a - a +2 shortbow of freezing (weapon)
 n - a +2 dagger of venom
 K - a +1 sling
 Q - a +0 quick blade
Missiles
 t - 17 poisoned darts
 R - 4 throwing nets {=f}
Armour
 c - the +1 robe of Awub {rElec rC+ Str+2}
   (You found it on level 4 of the Dungeon)

   Str:       It affects your strength (+2).
   rC:        It protects you from cold.
   rElec:     It insulates you from electricity.
 i - the +1 pair of gloves of the Mantidfly (worn) {Will+ Slay+3}
   (You acquired it on level 4 of the Dungeon)

   Slay:      It affects your accuracy & damage with ranged weapons and melee
   (+3).
   Will:      It increases your willpower.
 k - a +0 cloak (worn)
 D - the +7 plate armour of the Orb {rPois rC+}
   (You took it off a gnoll on level 6 of the Dungeon)

   rC:        It protects you from cold.
   rPois:     It protects you from poison.
 E - a +0 pair of boots (worn)
 G - +0 steam dragon scales (worn)
 L - a +2 robe of willpower
 O - a +2 robe of cold resistance
 P - a +0 helmet (worn)
Jewellery
 C - a ring of protection from cold
 H - an amulet of faith {!P}
 N - a ring of positive energy
 W - a ring of magical power
 X - a +6 ring of dexterity (left hand)
 Y - a +4 ring of slaying (right hand)
Wands
 b - a wand of paralysis (12)
 u - a wand of polymorph (8)
 w - a wand of roots (1)
 S - a wand of mindburst (11)
 T - a wand of light (7)
Scrolls
 d - 3 scrolls of blinking
 e - 4 scrolls of enchant weapon
 j - 4 scrolls of magic mapping
 o - 8 scrolls of teleportation {@r4}
 v - 2 scrolls of enchant armour
 y - 2 scrolls of silence {!r}
 z - 4 scrolls of fear
 B - 2 scrolls of poison {!r}
 F - 2 scrolls of amnesia
Potions
 f - 3 potions of heal wounds {@q2}
 g - 4 potions of might
 h - 9 potions of curing {@q1}
 l - 5 potions of attraction {!q}
 m - 5 potions of flight {unknown}
 p - 2 potions of lignification {!q}
 q - 3 potions of mutation {!q}
 r - 4 potions of haste {@q3}
 s - a potion of berserk rage {!q}
 x - a potion of ambrosia
 A - 2 potions of brilliance
 I - 2 potions of resistance
 M - 2 potions of invisibility
Miscellaneous
 U - a phantom mirror

Dungeon Overview and Level Annotations

Branches:
Dungeon (12/15)            Temple (1/1) D:4            Lair (5/5) D:11
 Shoals (0/4) Lair:2        Snake (0/4) Lair:3        Slime (0/5) Lair:5
    Orc (0/2) D:9

Altars:
Ashenzari
Cheibriados
Dithmenos
Elyvilon
Fedhas
Gozag
Hepliaklqana
Kikubaaqudgha
Makhleb
Nemelex Xobeh
Okawaru
Qazlal
Ru
Sif Muna
Trog
Uskayaw
Vehumet
Wu Jian
Xom
Yredelemnul
Zin
The Shining One

Shops:
D:4 !   D:6 ?   D:7 !=[[

Portals:
Trove: D:11 (give +5 demon blade)

Annotations:
D:6 3 runed translucent doors, jtron's ghost, novice OgWn
Lair:4 1 runed translucent door

## ♣♣♣
♣♣...♣♣ .#
♣....♣ .#
♣....♣ .##
♣♣..÷♣♣
..###
♣♣....♣
..#P♣
♣♣.....♣
....♣
♣..♣♣..♣♣
>...♣
♣..♣♣†.[♣
....♣
♣♣@♣♣♣♣..♣
...♣♣
♣.÷§§♣♣♣†♣
...♣
♣♣..§.§♣.♣
...♣♣
♣♣.♣§♣..♣
....♣♣ .
♣..§♣.)♣♣
.....♣ ♣.
♣♣§§§§)♣♣
.....♣ ♣..
♣.D§♣§..♣
.....♣♣♣
...
♣†......♣
.....♣.♣
..
♣♣..♣...♣♣


You could see a storm dragon (very poisoned, catching breath).


Message History

Poisonous vapours surround the storm dragon!
The storm dragon looks as sick as possible!
The storm dragon bites your hound!
Your hound dies!
Your hound's corpse disappears in a puff of smoke!
The storm dragon breathes lightning at you.
The bolt of lightning misses you.
The tree burns like a torch!
Casting: Poisonous Vapours (safe; 1% risk of failure)
Confirm with . or Enter, or press ? or * to list all spells.
The storm dragon breathes lightning at you.
The bolt of lightning hits you!!!
* * * LOW HITPOINT WARNING * * *
The bolt of lightning misses your wolf.
The tree burns like a torch!
You hear a roar!
The forest fire spreads! x2
The forest fire spreads! x2
The storm dragon closely misses your wolf.
The storm dragon claws your wolf! The storm dragon misses your wolf.
Your wolf bites the storm dragon but does no damage.
You see here a blink frog skeleton.
The storm dragon closely misses your wolf.
The storm dragon claws your wolf!
The storm dragon barely misses your wolf.
Your wolf bites the storm dragon but does no damage.
The storm dragon breathes lightning at you.
The bolt of lightning hits your wolf!!
Your wolf dies!
Your wolf's corpse disappears in a puff of smoke!
The bolt of lightning hits you!!!
You die...

Skill      XL: |  1  2  3  4  5  6  7  8  9 10 11 12 13 14 |
---------------+-------------------------------------------+-----
Stealth        | 1 2 3 4 5 |  5.0
Poison Magic   | 1 2 3 4 5 6 7 8 |  8.0
Air Magic      | 1 2 3 4 5 6 7 8 |  8.7
Ranged Weapons | 4 5 6 7 8 9 |  9.8
Fighting       | 3 4 5 6 |  6.7
Necromancy     | 1 2 3 5 6 7 8 |  8.4
Evocations     | 1 2 3 4 5 |  5.7
Spellcasting   | 5 6 7 8 |  8.9
Summonings     | 2 4 5 6 7 |  7.8
Translocations | 2 3 4 |  4.0
Fire Magic     | 1 3 4 |  4.7
Conjurations   | 1 3 4 |  4.6
Dodging        | 2 3 |  3.0
Ice Magic      | 1 3 |  3.4

Action                     |  1- 3 |  4- 6 |  7- 9 | 10-12 | 13-15 || total
---------------------------+-------+-------+-------+-------+-------++-------
  Melee: Shortbow          |       |       |       |     1 |       ||     1
   Fire: Sling             |    99 |   129 |   235 |    34 |       ||   497
         Shortbow          |       |       |       |   396 |   347 ||   743
   Cast: Summon Small Mamm |     3 |       |       |       |       ||     3
         Poisonous Vapours |     2 |    18 |    28 |    91 |    25 ||   164
         Call Canine Famil |       |       |       |     1 |     3 ||     4
         Dispel Undead     |       |       |       |     5 |       ||     5
         Summon Lightning  |       |       |       |     2 |    19 ||    21
         Sticky Flame      |       |       |       |       |    20 ||    20
         Freezing Cloud    |       |       |       |       |    23 ||    23
         Olgreb's Toxic Ra |       |       |       |       |     2 ||     2
  Evoke: Wand              |       |       |     1 |     6 |     7 ||    14
    Use: Scroll            |     1 |     1 |     7 |     5 |     5 ||    19
         Potion            |       |       |       |     1 |     1 ||     2
 Armour: Robe              |     7 |     1 |    37 |       |       ||    45
         Leather armour    |       |    20 |       |       |       ||    20
         Steam dragon scal |       |       |     2 |    97 |    54 ||   153
  Dodge: Dodged            |    23 |    48 |    59 |   169 |    82 ||   381

Levels and vault maps discovered:
D:1:      dpeg_arrival_round_a, layout_loops_ring, minmay_stone_trees_small
D:2:      wander_river, layout_basic, amcnicky_mini_rare_corridor_liquid
D:3:      layout_rooms, mainiacjoe_overflow_24_doors, zin_scriptorium, uniq_ijyb
D:4:      layout_loops_corners, mainiacjoe_overflow_surrounded_room,
          minmay_temple_entry_tees, serial_shops,
          nicolae_shop_industrial_runoff, uniq_edmund
D:5:      layout_rooms, nicolae_kikubaaqudgha_miasma_corner, minivault_26,
          grunt_ministairs_7, uniq_prince_ribbit1
D:6:      cheibrodos_helix_gallery, layout_basic,
          nicolae_overflow_hidden_temple, serial_shops,
          nicolae_shop_back_alley_shop, gammafunk_ghost_necromancy,
          kennysheep_nub, uniq_sigmund
D:7:      layout_basic, lemuel_tele_altar, chei_slow_surprise,
          minmay_shop_grid_forest, uniq_maggie, uniq_pikel
D:8:      layout_loops_ring, nemelex_spade_bored_becter, minmay_diamond_spiral
D:9:      layout_basic, orc_0_dummy, nzn_life_drinkers, uniq_grum, uniq_erica
D:10:     layout_long_grid
D:11:     layout_roguey, lair_entry_dummy, enter_trove_0, uniq_harold
D:12:     layout_long_grid, minmay_joined_circles
Temple:   cyrus_circular_temple
Lair:1:   layout_regular_city, beast_lair_carwin_3
Lair:2:   layout_gridlike, minmay_shoals_entry_beasts, grunt_megastairs_5
Lair:3:   layout_regular_city, minmay_snake_entry_guardpost_medium
Lair:4:   layout_regular_city, lightli_volcano_entry_magma_tube,
          pdpol_lair_cabin_in_the_woods
Lair:5:   hellmonk_lair_end_abyssal_woods, layout_cave_pods, slime_entry_1,
          lemuel_fruit_tree, infiniplex_staircase_pool_2, uniq_snorg

Notes
Turn   | Place    | Note
-------+----------+-------------------------------------------
     0 | D:1      | Jeffwins the Human Wanderer began the quest for the Orb.
     0 | D:1      | Jeffwins set off with the following items: a +1 sling, a
                  | scroll of teleportation {@r4}, a +0 robe; and the following
                  | spell memorised: Summon Small Mammal; and the following
                  | spells available to memorise: Poisonous Vapours, Gell's
                  | Gravitas, Inner Flame.
     0 | D:1      | Reached XP level 1. HP: 16/16 MP: 5/5
   119 | D:1      | Reached XP level 2. HP: 22/22 MP: 7/7
   415 | D:1      | Learned a level 2 spell: Poisonous Vapours
   739 | D:1      | Reached XP level 3. HP: 27/27 MP: 8/8
   941 | D:2      | Reached skill level 1 in Stealth
  1149 | D:2      | Reached XP level 4. HP: 33/33 MP: 10/10
  1173 | D:2      | Reached skill level 1 in Poison Magic
  1723 | D:2      | Reached skill level 1 in Air Magic
  1852 | D:2      | Reached XP level 5. HP: 39/39 MP: 11/11
  2135 | D:3      | Found a glowing silver altar of Zin.
  2211 | D:3      | Found a blossoming altar of Fedhas.
  2211 | D:3      | Noticed Ijyb
  2214 | D:3      | Paralysed by Ijyb for 4 turns
  2265 | D:3      | Killed Ijyb
  2266 | D:3      | Reached skill level 4 in Ranged Weapons
  2546 | D:4      | Found a staircase to the Ecumenical Temple.
  2572 | Temple   | Entered the Ecumenical Temple
  2680 | Temple   | Became a worshipper of Vehumet
  2754 | D:4      | Found Efor's Distillery.
  2762 | D:4      | Bought a potion of degeneration for 14 gold pieces
  2762 | D:4      | Bought a potion of curing for 42 gold pieces
  2762 | D:4      | Bought a potion of lignification for 42 gold pieces
  2762 | D:4      | Bought a potion of mutation for 112 gold pieces
  2778 | D:4      | Reached skill level 2 in Poison Magic
  2778 | D:4      | Reached XP level 6. HP: 38/46 MP: 12/12
  2875 | D:4      | Reached skill level 2 in Stealth
  2875 | D:4      | Reached skill level 2 in Air Magic
  2887 | D:4      | Found a hide-covered altar of Uskayaw.
  3229 | D:4      | Noticed Edmund
  3274 | D:4      | Killed Edmund
  3275 | D:4      | Reached skill level 3 in Fighting
  3275 | D:4      | Reached XP level 7. HP: 23/52 MP: 2/13
  3420 | D:4      | Learned a level 4 spell: Dispel Undead
  3488 | D:4      | Identified a scroll of acquirement
  3489 | D:4      | Acquired the +1 pair of gloves of the Mantidfly {Will+
                  | Slay+3}
  3583 | D:4      | Identified the +1 robe of Awub {rElec rC+ Str+2}
  3930 | D:5      | Entered Level 5 of the Dungeon
  3938 | D:5      | Reached skill level 3 in Poison Magic
  3947 | D:5      | Noticed Prince Ribbit
  3958 | D:5      | Killed Prince Ribbit
  3959 | D:5      | Reached skill level 1 in Necromancy
  3959 | D:5      | Reached skill level 3 in Air Magic
  3959 | D:5      | Reached XP level 8. HP: 36/58 MP: 6/15
  4044 | D:5      | Reached skill level 5 in Ranged Weapons
  4105 | D:5      | Found an ancient bone altar of Kikubaaqudgha.
  4137 | D:5      | Reached skill level 1 in Evocations
  4248 | D:5      | Reached skill level 3 in Stealth
  4363 | D:5      | Reached skill level 2 in Necromancy
  4729 | D:6      | Found an ornate altar of the Wu Jian Council.
  4822 | D:6      | Reached * piety under Vehumet
  4822 | D:6      | Offered knowledge of Magic Dart by Vehumet.
  4832 | D:6      | Found a runed translucent gate.
  4832 | D:6      | Found a runed translucent gate.
  4832 | D:6      | Found a runed translucent gate.
  4836 | D:6      | Reached skill level 4 in Poison Magic
  4841 | D:6      | Noticed a spectral unseen horror
  4843 | D:6      | Noticed jtron's ghost (novice OgWn)
  4996 | D:6      | Learned a level 3 spell: Call Canine Familiar
  5001 | D:6      | Learned a level 4 spell: Summon Lightning Spire
  5011 | D:6      | Noticed Sigmund
  5056 | D:6      | Killed Sigmund
  5057 | D:6      | Reached skill level 5 in Spellcasting
  5057 | D:6      | Reached skill level 4 in Air Magic
  5057 | D:6      | Reached XP level 9. HP: 65/65 MP: 13/16
  5099 | D:6      | Identified the +7 plate armour of the Orb {rPois rC+}
  5178 | D:5      | Reached skill level 1 in Summonings
  5264 | D:6      | Reached skill level 3 in Necromancy
  5435 | D:6      | Found Ekluumomm's Magic Scroll Shop.
  5439 | D:6      | Bought a scroll of identify for 26 gold pieces
  5439 | D:6      | Bought a scroll of poison for 52 gold pieces
  5439 | D:6      | Bought a scroll of noise for 13 gold pieces
  5439 | D:6      | Bought a scroll of identify for 26 gold pieces
  5439 | D:6      | Bought a scroll of identify for 26 gold pieces
  5471 | D:6      | Reached skill level 4 in Fighting
  5471 | D:6      | Reached skill level 2 in Evocations
  5576 | D:6      | Found a glowing golden altar of the Shining One.
  5656 | D:7      | Reached skill level 2 in Summonings
  5678 | D:7      | Reached skill level 6 in Ranged Weapons
  5786 | D:7      | Found a snail-covered altar of Cheibriados.
  5836 | D:7      | Noticed Maggie
  5853 | D:7      | Killed Maggie
  5854 | D:7      | Reached skill level 4 in Stealth
  6141 | D:7      | Reached skill level 5 in Air Magic
  6141 | D:7      | Reached skill level 5 in Poison Magic
  6141 | D:7      | Reached XP level 10. HP: 72/72 MP: 18/18
  6152 | D:7      | Reached skill level 4 in Necromancy
  6190 | D:7      | Found an iron altar of Okawaru.
  6269 | D:7      | Found Unaub's Distillery.
  6271 | D:7      | Found Oqunlifu's Antique Armour Emporium.
  6275 | D:7      | Found Lox Ade's Jewellery Emporium.
  6278 | D:7      | Found Davingemn's Armour Emporium.
  6420 | D:7      | Noticed Pikel
  6430 | D:7      | Killed Pikel
  6431 | D:7      | Reached skill level 3 in Summonings
  6520 | D:8      | Noticed a centaur warrior
  6523 | D:8      | Noticed a kobold demonologist
  6952 | D:7      | Killed a kobold demonologist
  6954 | D:7      | HP: 7/73 [poisoned by a kobold demonologist]
  6958 | D:7      | HP: 3/73 [poisoned by a kobold demonologist]
  6961 | D:7      | HP: 1/73 [poisoned by a kobold demonologist]
  7348 | D:8      | Killed a centaur warrior
  7349 | D:8      | Reached skill level 6 in Spellcasting
  7349 | D:8      | Reached skill level 3 in Evocations
  7490 | D:8      | Noticed a cyclops
  7536 | D:8      | Killed a cyclops
  7918 | D:8      | Learned a level 2 spell: Blink
  8058 | D:8      | Reached skill level 6 in Air Magic
  8201 | D:8      | Found a sparkling altar of Nemelex Xobeh.
  8295 | D:8      | Reached skill level 4 in Summonings
  8484 | D:8      | Reached skill level 7 in Ranged Weapons
  8484 | D:8      | Reached skill level 5 in Necromancy
  8622 | D:8      | Reached ** piety under Vehumet
  8623 | D:8      | Reached XP level 11. HP: 64/78 MP: 20/20
  8623 | D:8      | Offered knowledge of Shock by Vehumet.
  8874 | D:9      | Reached skill level 6 in Poison Magic
  9044 | D:9      | Found a staircase to the Orcish Mines.
  9129 | D:9      | Noticed Grum
  9143 | D:9      | Killed Grum
  9144 | D:9      | Reached skill level 1 in Translocations
  9578 | D:9      | Reached skill level 5 in Fighting
  9578 | D:9      | Reached skill level 5 in Stealth
  9624 | D:9      | Noticed Erica
  9631 | D:9      | Killed Erica
  9677 | D:9      | Offered knowledge of Frozen Ramparts by Vehumet.
  9915 | D:10     | Entered Level 10 of the Dungeon
 10350 | D:10     | Reached skill level 5 in Summonings
 10365 | D:10     | Reached *** piety under Vehumet
 10495 | D:10     | Reached skill level 4 in Evocations
 10506 | D:10     | Reached skill level 2 in Translocations
 10513 | D:10     | Reached skill level 7 in Spellcasting
 10625 | D:10     | Paralysed by a hornet for 1 turns
 10629 | D:10     | Reached skill level 6 in Necromancy
 11093 | D:10     | Reached skill level 7 in Air Magic
 11093 | D:10     | Reached XP level 12. HP: 56/86 MP: 19/22
 11301 | D:11     | Noticed a two-headed ogre
 11328 | D:11     | Found a staircase to the Lair.
 11690 | D:11     | Reached skill level 8 in Ranged Weapons
 11691 | D:11     | Reached skill level 7 in Poison Magic
 11971 | D:11     | Found a portal to a secret trove of treasure.
 12013 | D:11     | Noticed Harold
 12020 | D:11     | Killed Harold
 12128 | D:11     | Killed a two-headed ogre
 12281 | Lair:1   | Entered Level 1 of the Lair of Beasts
 12560 | Lair:1   | Reached skill level 6 in Summonings
 12879 | Lair:1   | Offered knowledge of Sticky Flame by Vehumet.
 12898 | Lair:1   | Learned a level 4 spell: Sticky Flame
 13491 | Lair:1   | Reached skill level 3 in Translocations
 13644 | Lair:2   | Reached skill level 1 in Fire Magic
 13985 | Lair:2   | Reached skill level 1 in Conjurations
 14153 | Lair:2   | Found a staircase to the Shoals.
 14167 | Lair:2   | Reached skill level 7 in Necromancy
 14175 | Lair:2   | Reached XP level 13. HP: 62/93 MP: 16/24
 14522 | Lair:3   | Noticed a six-headed hydra
 14529 | Lair:3   | Killed a six-headed hydra
 14530 | Lair:3   | Reached skill level 1 in Dodging
 14691 | Lair:3   | Reached skill level 2 in Fire Magic
 14704 | Lair:3   | Reached **** piety under Vehumet
 14705 | Lair:3   | Reached skill level 2 in Conjurations
 14854 | Lair:3   | Reached skill level 8 in Air Magic
 14913 | Lair:3   | Reached skill level 6 in Fighting
 15026 | Lair:3   | Noticed a four-headed hydra
 15032 | Lair:3   | Killed a four-headed hydra
 15033 | Lair:3   | Reached skill level 8 in Spellcasting
 15190 | Lair:3   | Found a staircase to the Snake Pit.
 15230 | Lair:3   | Reached skill level 8 in Poison Magic
 15234 | Lair:3   | Reached skill level 9 in Ranged Weapons
 15496 | Lair:4   | Noticed a seven-headed hydra
 15517 | Lair:4   | Killed a seven-headed hydra
 15518 | Lair:4   | Reached skill level 3 in Fire Magic
 15518 | Lair:4   | Reached skill level 5 in Evocations
 15687 | Lair:4   | Identified 2 potions of resistance
 15790 | Lair:4   | Found a runed translucent door.
 15791 | Lair:4   | Noticed a reaper
 15928 | Lair:4   | Got the Dissertation on Locality and Violence
 15956 | Lair:4   | Reached skill level 3 in Conjurations
 16191 | Lair:4   | Reached skill level 7 in Summonings
 16196 | Lair:4   | Offered knowledge of Freezing Cloud by Vehumet.
 16207 | Lair:4   | Learned a level 5 spell: Freezing Cloud
 16381 | Lair:4   | Reached skill level 2 in Dodging
 16530 | Lair:4   | Got Utyth's Folio of Adjuration and Misery
 16831 | Lair:5   | Entered Level 5 of the Lair of Beasts
 16934 | Lair:5   | Reached skill level 1 in Ice Magic
 17183 | Lair:5   | Noticed a seven-headed hydra
 17190 | Lair:5   | Killed a seven-headed hydra
 17191 | Lair:5   | Reached skill level 4 in Translocations
 17564 | Lair:5   | Reached XP level 14. HP: 89/101 MP: 7/26
 17571 | Lair:5   | Reached skill level 2 in Ice Magic
 17918 | Lair:5   | Reached skill level 8 in Necromancy
 18027 | Lair:5   | Learned a level 4 spell: Olgreb's Toxic Radiance
 18035 | Lair:5   | Found a staircase to the Slime Pits.
 18055 | Lair:5   | Reached skill level 4 in Fire Magic
 18082 | Lair:5   | Noticed Snorg
 18102 | Lair:5   | Killed Snorg
 18153 | Lair:5   | Reached skill level 4 in Conjurations
 18508 | Lair:5   | Reached skill level 3 in Ice Magic
 18600 | Lair:5   | Reached ***** piety under Vehumet
 18608 | Lair:5   | Offered knowledge of Flame Wave by Vehumet.
 18959 | Lair:5   | Reached skill level 3 in Dodging
 19148 | Lair:5   | Noticed a storm dragon
 19164 | Lair:5   | Killed from afar by a storm dragon (shapeshifter)

Vanquished Creatures
  Snorg (Lair:5)
  Harold (D:11)
  3 hydras
  A centaur warrior (D:8)
  A catoblepas (Lair:5)
  A two-headed ogre (D:11)
  Erica (D:9)
  3 death yaks (Lair:5)
  A thrashing horror (Lair:5)
  A skyshark (Lair:5)
  Pikel (D:7)
  A manticore (Lair:2)
  A cyclops (D:8)
  2 ugly things (Lair:5)
  4 elephants (Lair:4)
  4 black mambas
  6 cane toads
  4 smoke demons (Lair:5)
  A kobold demonologist (D:7)
  A rime drake (Lair:3)
  Maggie (D:7)
  11 komodo dragons
  An ancient zyme (Lair:5)
  A polar bear (Lair:3)
  A wind drake (Lair:2)
  28 blink frogs
  2 hornets (D:10)
  A tarantella (shapeshifter) (Lair:5)
  Prince Ribbit (D:5)
  A slime creature (D:8)
  A shadow (D:11)
  2 spriggans (Lair:5)
  Sigmund (D:6)
  2 wraiths (D:11)
  A culicivora (shapeshifter) (Lair:5)
  3 vampires
  4 wyverns
  28 yaks
  A human (Lair:4)
  Grum (D:9)
  3 basilisks
  8 vampire mosquitoes
  2 steam dragons
  9 small abominations (Lair:5)
  Edmund (D:4)
  13 water moccasins
  4 nagas (Lair:3)
  3 orc warriors
  3 ice beasts
  A sky beast (D:7)
  A black bear (D:6)
  An ogre (D:7)
  4 centaurs
  6 wolves
  2 phantoms
  4 bullfrogs
  4 scorpions (D:5)
  3 gnoll sergeants
  14 killer bees
  An electric eel (Lair:2)
  6 howler monkeys
  A jelly (D:6)
  7 orc priests
  6 hounds
  5 iguanas
  Ijyb (D:3)
  2 sleepcaps
  7 hell rats (Lair:5)
  15 orc wizards
  14 gnolls
  9 adders
  2 shadow imps
  A white imp (D:4)
  3 ufetubi
  2 worms (D:2)
  4 dart slugs
  47 orcs
  5 ball pythons
  6 endoplasms
  3 giant cockroaches
  10 goblins
  4 hobgoblins
  10 jackals (D:2)
  6 quokkas
  2 bats (D:2)
  5 frilled lizards
  11 kobolds
  5 rats
417 creatures vanquished.

Vanquished Creatures (collateral kills)
  A hydra (Lair:3)
  2 thrashing horrors (Lair:5)
  2 elephants (Lair:4)
  A blink frog (Lair:5)
  A wyvern (Lair:4)
  2 yaks
  2 nagas (Lair:3)
  A water moccasin (Lair:3)
12 creatures vanquished.

Vanquished Creatures (others)
  29 fungi
  23 plants
52 creatures vanquished.

Grand Total: 481 creatures vanquished

Table legend: (Time is in decaauts)
 A = Elapsed time spent in this place.
 B = Non-inter-level travel time spent in this place.
 C = Inter-level travel time spent in this place.
 D = Time resting spent in this place.
 E = Time spent auto-exploring this place.
 F = Levels seen in this place.
 G = Mean time per level.
                   A        B        C        D        E       F      G
               +--------+--------+--------+--------+--------+-----+--------+
         Total |  19353 |  18738 |    615 |   3101 |  12544 |  18 | 1075.2 |
       Dungeon |  12327 |  11888 |    439 |   2152 |   7709 |  12 | 1027.2 |
        Temple |    115 |     95 |     20 |      0 |     87 |   1 |  115.0 |
          Lair |   6909 |   6753 |    156 |    949 |   4748 |   5 | 1381.8 |
               +--------+--------+--------+--------+--------+-----+--------+

Top non-repeatable levels by time:
  Lair:5: 2042 daAuts
  Lair:4: 1707 daAuts
     D:7: 1688 daAuts
     D:8: 1679 daAuts
    D:10: 1470 daAuts
     D:4: 1283 daAuts
  Lair:1: 1264 daAuts
     D:9: 1172 daAuts
     D:2: 1081 daAuts
  Lair:3: 949 daAuts
  Lair:2: 945 daAuts
     D:5: 934 daAuts
     D:1: 886 daAuts
     D:6: 794 daAuts
    D:11: 695 daAuts

Table legend:
 A = Non-vault XP
 B = Vault XP
 C = Vault XP percentage of total XP
 D = Non-vault monster count
 E = Vault monster count
 F = Vault count percentage of total count
                 A         B        C        D         E       F
            +---------+---------+-------+---------+---------+-------
      Total |   41118 |   22966 |  35.8 |     352 |      77 |  17.9
            +---------+---------+-------+---------+---------+-------
        D:1 |      34 |       0 |   0.0 |      18 |       0 |   0.0
        D:2 |     110 |       0 |   0.0 |      34 |       0 |   0.0
        D:3 |      36 |      36 |  50.0 |      19 |       1 |   5.0
        D:4 |     298 |     169 |  36.2 |      21 |       1 |   4.5
        D:5 |     595 |     444 |  42.7 |      18 |       4 |  18.2
        D:6 |     746 |     266 |  26.3 |      27 |       2 |   6.9
        D:7 |    1025 |    1422 |  58.1 |      17 |       3 |  15.0
        D:8 |    1181 |    1626 |  57.9 |      25 |       3 |  10.7
        D:9 |    2081 |    1575 |  43.1 |      36 |       6 |  14.3
       D:10 |    4254 |       0 |   0.0 |      30 |       0 |   0.0
       D:11 |    1823 |     871 |  32.3 |       9 |       1 |  10.0
     Lair:1 |    3846 |    1098 |  22.2 |      17 |       6 |  26.1
     Lair:2 |    1596 |    2069 |  56.5 |       6 |       7 |  53.8
     Lair:3 |    5277 |     956 |  15.3 |      17 |       6 |  26.1
     Lair:4 |    5659 |    1061 |  15.8 |      17 |       2 |  10.5
     Lair:5 |   12557 |   11373 |  47.5 |      41 |      35 |  46.1
            +---------+---------+-------+---------+---------+-------
